 Dungeon Crawl Stone Soup version 0.23.2-30-g0e89c35649 (webtiles) character file.

Game seed: 2640909931014888490

9910 teukkam the Fighter (level 11, -9/99 HPs)
             Began as a Minotaur Fighter on June 23, 2019.
             Was an Elder of Nemelex Xobeh.
             Mangled by a spiny frog (15 damage)
             ... on level 1 of the Lair of Beasts on June 25, 2019.
             The game lasted 00:32:27 (8582 turns).

teukkam the Fighter (Minotaur Fighter)              Turns: 8582, Time: 00:32:28

Health: -9/99      AC: 12    Str: 24    XL:     11   Next: 29%
Magic:  15/15      EV: 11    Int:  9    God:    Nemelex Xobeh [****..]
Gold:   481        SH: 12    Dex: 10    Spells: 10/10 levels left

rFire    . . .     SeeInvis .   a - +0 war axe
rCold    . . .     Gourm    .   Q - +0 shield
rNeg     . . .     Faith    .   A - +5 ring mail of Twilight {Int+4}
rPois    +         Spirit   .   (helmet restricted)
rElec    .         Reflect  .   (no cloak)
rCorr    .         Harm     .   (no gloves)
MR       .....                  (no boots)
Stlth    ..........             (no amulet)
HPRegen  0.26/turn              k - +2 ring of evasion
MPRegen  0.14/turn              H - ring of poison resistance

@: flying
A: retaliatory headbutt, horns 2
a: Draw Escape, Draw Destruction, Draw Summoning, Triple Draw, Deal Four,
Renounce Religion


You were on level 1 of the Lair of Beasts.
You worshipped Nemelex Xobeh.
Nemelex Xobeh was greatly pleased with you.
You were not hungry.

You visited 3 branches of the dungeon, and saw 14 of its levels.

You collected 481 gold pieces.

Inventory:

Hand Weapons
 a - a +0 war axe (weapon)
 b - a +0 hunting sling
 c - a +3 scimitar of flaming
 d - a +0 blowgun
 g - a +1 flail of pain
 n - a +0 dagger
 t - a +2 antimagic whip
 E - a +1 quarterstaff of draining
 L - a +3 dagger of distortion
 T - a +3 hand axe of freezing
Missiles
 w - 7 curare-tipped needles
 z - 9 tomahawks (quivered)
 C - 54 sling bullets
 D - 2 throwing nets
 P - 18 poisoned needles
Armour
 p - a +1 chain mail of poison resistance
 v - a +0 troll leather armour
 A - the +5 ring mail of Twilight (worn) {Int+4}
   (You found it on level 6 of the Dungeon)

   It affects your intelligence (+4).
 J - a +1 chain mail of fire resistance
 Q - a +0 shield (worn)
Jewellery
 k - a +2 ring of evasion (left hand)
 y - an uncursed ring of wizardry
 H - a ring of poison resistance (right hand)
Wands
 l - a wand of polymorph (17)
 x - a wand of digging (2)
 F - a wand of iceblast (12)
 K - a wand of enslavement (7)
Scrolls
 e - 6 scrolls of remove curse
 h - 2 scrolls of amnesia
 i - a scroll of enchant armour {unknown}
 j - 5 scrolls of enchant weapon {unknown}
 m - 2 scrolls of blinking {unknown}
 o - 8 scrolls of teleportation {unknown}
 q - a scroll of silence {unknown}
 s - 2 scrolls of fog {unknown}
 u - a scroll of fear {unknown}
 G - 2 scrolls of magic mapping {unknown}
 N - 11 scrolls of identify
 O - a scroll of noise {unknown}
 S - a scroll of immolation {unknown}
Potions
 r - 2 potions of lignification
 I - a potion of flight
 R - a potion of curing
Comestibles
 f - 16 rations


   Skills:
 + Level 10.0 Fighting
 + Level 9.5 Axes
 + Level 5.5 Slings
 + Level 9.9 Armour
 + Level 9.9 Shields
 + Level 7.3 Invocations


You had 10 spell levels left.
You didn't know any spells.
Your spell library was empty.

Dungeon Overview and Level Annotations

Branches:
Dungeon (12/15)            Temple (1/1) D:5            Lair (1/6) D:11
    Orc (0/2) D:11

Altars:
Ashenzari
Cheibriados
Dithmenos
Elyvilon
Fedhas
Gozag
Hepliaklqana
Kikubaaqudgha
Makhleb
Nemelex Xobeh
Okawaru
Qazlal
Ru
Sif Muna
Trog
Uskayaw
Vehumet
Wu Jian
Xom
Yredelemnul
Zin
The Shining One

Shops:
D:5 *   D:8 =   D:9 *   D:11 [


Innate Abilities, Weirdness & Mutations

You reflexively headbutt those who attack you in melee.
You have a pair of horns on your head.


Message History

The spiny frog stings you!
* * * LOW HITPOINT WARNING * * *
You closely miss the spiny frog. You headbutt the spiny frog!
You kill the spiny frog!
You slash the spiny frog! You slash the yak! You closely miss the black mamba.
You block the yak's attack. You block the black mamba's attack.
The spiny frog closely misses you. x2; You furiously retaliate!
You headbutt the spiny frog.
It was a potion of flight.
You feel very buoyant.
You fly up into the air.
You block the black mamba's attack. You block the yak's attack.
You block the spiny frog's attack. The spiny frog barely misses you.
The black mamba barely misses you. You furiously retaliate!
You headbutt the black mamba.
As you read the scroll labeled ANKIAL WIPUKK, it crumbles to dust.
It is a scroll of amnesia.
You feel forgetful for a moment. You block the yak's attack.
The spiny frog stings you!
You die...
Your body glows slightly and disappears.

...... #..!..
#.....#
#.....###
#.....P#
#..k...###
#........#
##...F†..##
##..Y@SS.###..
#...F<†..H..#
#....†.....##
#.........##
##.......##
#..)....#
P........
##.......##
##.....##


You could see a hippogriff, a black mamba, a yak, 2 spiny frogs, a rime drake
and a water moccasin.

Vanquished Creatures
  2 death yaks (D:11)
  Sonja (D:11)
  2 spiny frogs (Lair:1)
  A queen bee (D:8)
  A troll (D:10)
  3 hippogriffs
  A meliai zombie (D:11)
  Sigmund (D:3)
  2 yaks (Lair:1)
  Edmund (D:4)
  2 water moccasins
  An acid dragon (D:8)
  An ice beast (D:10)
  4 orc warriors
  A phantom (D:7)
  A sky beast (D:7)
  2 eyes of draining (D:4)
  An ogre (D:5)
  3 centaurs
  A crocodile (D:11)
  A big kobold (D:11)
  4 bullfrogs
  2 scorpions (D:7)
  A water moccasin skeleton (D:10)
  21 killer bees
  A howler monkey (D:4)
  A bullfrog zombie (D:7)
  A jelly (D:9)
  2 centaur skeletons
  2 orc priests
  3 hounds
  2 orc wizards
  Ijyb (D:3)
  Natasha (twice) (D:4)
  5 iguanas
  3 worker ants
  2 hound skeletons
  A mummy (D:8)
  A worker ant zombie (D:10)
  5 gnolls
  16 adders
  A river rat (D:11)
  5 shadow imps
  An adder zombie (D:5)
  3 worms (D:3)
  4 dart slugs
  4 leopard geckos
  27 orcs
  3 ball pythons
  2 goblins
  7 hobgoblins
  4 jackals
  3 bats (D:2)
  4 frilled lizards
  A jackal skeleton (D:5)
  6 kobolds
  A leopard gecko zombie (D:9)
  5 rats
190 creatures vanquished.

Vanquished Creatures (collateral kills)
  Erica (D:10)
  A death yak (D:11)
  Grinder (D:3)
  4 yaks (D:10)
  2 centaurs
  A giant cockroach (D:11)
  A goblin (D:11)
  A jackal (D:10)
12 creatures vanquished.

Vanquished Creatures (others)
  2 yaks (Lair:1)
  2 porcupines (Lair:1)
  3 bullfrogs (Lair:1)
  A gnoll shaman (D:5)
  3 gnolls (D:5)
  An adder (D:3)
  2 ball lightnings
  2 orcs (D:5)
  A hobgoblin (D:3)
  A frilled lizard (D:3)
  A kobold (D:3)
19 creatures vanquished.

Grand Total: 221 creatures vanquished

Notes
Turn   | Place    | Note
-------+----------+-------------------------------------------
     0 | D:1      | teukkam the Minotaur Fighter began the quest for the Orb.
     0 | D:1      | Reached XP level 1. HP: 19/19 MP: 0/0
    85 | D:2      | Found a deep blue altar of Sif Muna.
    87 | D:2      | Found a sparkling altar of Nemelex Xobeh.
    87 | D:2      | Found an iron altar of Okawaru.
    95 | D:2      | Reached XP level 2. HP: 19/27 MP: 1/1
    96 | D:2      | Reached skill level 4 in Fighting
    98 | D:2      | Reached XP level 3. HP: 24/33 MP: 2/2
   115 | D:2      | Found a hazy altar of Hepliaklqana.
   116 | D:2      | Found a radiant altar of Vehumet.
   135 | D:2      | Became a worshipper of Nemelex Xobeh the Trickster
   154 | D:1      | Received a gift from Nemelex Xobeh
   576 | D:2      | Reached XP level 4. HP: 20/41 MP: 3/3
   753 | D:3      | Noticed Grinder
   759 | D:3      | HP: 2/41 [Grinder (7)]
   765 | D:3      | Killed Grinder
   765 | D:3      | Reached skill level 5 in Fighting
   765 | D:3      | Reached skill level 1 in Invocations
   765 | D:3      | Reached XP level 5. HP: 9/48 MP: 3/5
  1020 | D:3      | Noticed Sigmund
  1089 | D:4      | Reached skill level 5 in Armour
  1089 | D:4      | Reached skill level 5 in Shields
  1089 | D:4      | Reached XP level 6. HP: 27/56 MP: 6/6
  1435 | D:4      | Noticed Edmund
  1447 | D:4      | Killed Edmund
  1578 | D:5      | Entered Level 5 of the Dungeon
  1598 | D:5      | Received a gift from Nemelex Xobeh
  1644 | D:5      | Found Tuch's Assorted Antiques.
  1697 | D:4      | Reached * piety under Nemelex Xobeh
  1702 | D:4      | Noticed Natasha
  1708 | D:4      | Killed Natasha
  1744 | D:4      | Found a bloodstained altar of Trog.
  1754 | D:4      | Reached XP level 7. HP: 50/61 MP: 1/7
  1755 | D:4      | Reached skill level 5 in Axes
  2084 | D:3      | Killed Sigmund
  2084 | D:3      | Reached skill level 6 in Fighting
  2152 | D:3      | Noticed a +0 hand axe
  2152 | D:3      | Noticed a +0 dagger
  2244 | D:3      | Noticed Ijyb
  2254 | D:3      | Received a gift from Nemelex Xobeh
  2254 | D:3      | Found a glowing golden altar of the Shining One.
  2271 | D:3      | Killed Ijyb
  2331 | D:3      | Found a hide-covered altar of Uskayaw.
  2698 | D:4      | Noticed Natasha
  2704 | D:4      | Killed Natasha
  2791 | D:5      | Found a staircase to the Ecumenical Temple.
  2801 | D:6      | Got a crude ring mail
  2821 | D:5      | Identified the +5 ring mail of Twilight {Int+4} (You found
                  | it on level 6 of the Dungeon)
  2849 | Temple   | Entered the Ecumenical Temple
  3029 | D:5      | Reached XP level 8. HP: 48/70 MP: 9/9
  3116 | D:5      | Received a gift from Nemelex Xobeh
  3311 | D:5      | Reached ** piety under Nemelex Xobeh
  3749 | D:7      | Reached skill level 7 in Fighting
  4135 | D:8      | Found Ereunett's Jewellery Shop.
  4241 | D:7      | Reached XP level 9. HP: 79/79 MP: 11/11
  4536 | D:7      | Reached skill level 5 in Invocations
  5325 | D:8      | Found a snail-covered altar of Cheibriados.
  5509 | D:8      | Reached skill level 1 in Slings
  5543 | D:8      | Noticed Psyche
  5547 | D:8      | Noticed Psyche
  5547 | D:8      | Psyche changed into Psyche the acid dragon
  5551 | D:8      | Killed Psyche the acid dragon
  5551 | D:8      | Reached skill level 8 in Fighting
  5705 | D:8      | Noticed a queen bee
  5706 | D:8      | Identified the +0 long sword "Satobing" {slice, rF+}
  5718 | D:8      | Killed a queen bee
  6072 | D:8      | Reached XP level 10. HP: 90/90 MP: 13/13
  6342 | D:9      | Found Inezuehu's Elemental Accessories.
  6495 | D:9      | Reached *** piety under Nemelex Xobeh
  6636 | D:9      | You fall through a shaft for 2 floors!
  6636 | D:11     | Received a gift from Nemelex Xobeh
  6641 | D:10     | Entered Level 10 of the Dungeon
  6719 | D:10     | Noticed Erica
  6729 | D:10     | Killed Erica
  6777 | D:10     | Reached skill level 9 in Fighting
  7403 | D:11     | Found a staircase to the Orcish Mines.
  7430 | D:12     | Noticed a gargoyle
  7455 | D:11     | Noticed a death yak
  7457 | D:11     | Noticed a death yak
  7470 | D:11     | Killed a death yak
  7471 | D:11     | Noticed a death yak
  7481 | D:11     | Killed a death yak
  7495 | D:11     | HP: 5/136 [death yak (12)]
  7509 | D:11     | Killed a death yak
  7918 | D:11     | Noticed Sonja
  7927 | D:11     | Killed Sonja
  7927 | D:11     | Reached skill level 5 in Slings
  7927 | D:11     | Reached XP level 11. HP: 88/99 MP: 15/15
  8202 | D:11     | Found Izituo's Armour Emporium.
  8261 | D:11     | Found a staircase to the Lair.
  8366 | D:11     | Reached **** piety under Nemelex Xobeh
  8538 | Lair:1   | Entered Level 1 of the Lair of Beasts
  8575 | Lair:1   | Reached skill level 10 in Fighting
  8582 | Lair:1   | Mangled by a spiny frog

Skill      XL: |  1  2  3  4  5  6  7  8  9 10 11 |
---------------+----------------------------------+-----
Fighting       | 4 5 6 7 8 9 10 | 10.0
Armour         | 4 5 6 7 8 9 |  9.9
Shields        | 4 5 6 7 8 9 |  9.9
Axes           | 3 4 5 6 7 9 |  9.5
Invocations    | 1 2 3 4 5 7 |  7.3
Slings         | 3 5 |  5.5

Action                   |  1- 3 |  4- 6 |  7- 9 | 10-12 || total
-------------------------+-------+-------+-------+-------++-------
Melee: War axe           |    49 |    42 |   314 |   178 ||   583
       Headbutt          |     8 |    10 |    55 |    41 ||   114
       Unarmed           |       |     1 |     8 |       ||     9
 Fire: Hunting sling     |       |       |     5 |     8 ||    13
Throw: Tomahawk          |       |       |     8 |     6 ||    14
 Abil: Draw Destruction  |       |     5 |    12 |     7 ||    24
       Draw Summoning    |       |     2 |     2 |     3 ||     7
       Draw Escape       |       |       |     3 |     2 ||     5
Evoke: Wand              |       |       |       |     2 ||     2
  Use: Scroll            |     3 |       |     2 |     2 ||     7
       Potion            |     1 |     1 |     1 |     8 ||    11
 Stab: Distracted        |       |     1 |       |       ||     1
  Eat: Chunk             |       |     2 |     7 |     3 ||    12
       Ration            |       |     1 |     2 |     1 ||     4
Armor: Scale mail        |    37 |       |       |       ||    37
       Leather armour    |    13 |     3 |       |       ||    16
       Chain mail        |       |     8 |    17 |       ||    25
       Ring mail         |       |       |   102 |    60 ||   162
       Skin              |       |       |       |     7 ||     7
Dodge: Dodged            |    26 |    15 |   124 |    82 ||   247
Block: Shield            |    53 |    12 |   189 |   121 ||   375
